| TOP OF THE 1ST |
|
Burlington Royals batting - Pitching for Seattle (APP) Mariners : LHP Aidan Smith
|
|
Pitching: LHP Aidan Smith
|
|
|
Batting: RHB Tim Persson
|
0-0: Ball 1-0: Called Strike 1-1: Foul Ball, location: 2F 1-2: Strikes out looking
|
|
Batting: LHB Ernesto Abreu
|
0-0: Called Strike 0-1: Ball 1-1: Called Strike 1-2: Ball 2-2: Foul Ball, location: 2F 2-2: Ball 3-2: Base on Balls
|
|
Batting: SHB Manny Berrones
|
0-0: Ball Wild Pitch! Ernesto Abreu to second 1-0: Called Strike 1-1: Foul Ball, location: 2F 1-2: Ball 2-2: Strikes out swinging
|
|
Batting: SHB Danny Ballenger
|
0-0: Called Strike 0-1: Ball 1-1: Foul Ball, location: 2F 1-2: Ball 2-2: Ground out 6-3 (Groundball, 6, EV 96.9 MPH)
|
| Top of the 1st over - 0 runs, 0 hits, 0 errors, 1 left on base; Burlington 0 - Seattle (APP) 0 |
| BOTTOM OF THE 1ST |
|
Seattle (APP) Mariners batting - Pitching for Burlington Royals : LHP Hyoji Kawabata
|
|
Pitching: LHP Hyoji Kawabata
|
|
|
Batting: RHB Houston Brock
|
0-0: Ball 1-0: Fly out, F7 (Line Drive, 7, EV 90.0 MPH)
|
|
Batting: SHB Tony Morales
|
0-0: Foul Ball, location: 2F 0-1: Foul Ball, location: 2F 0-2: Ball 1-2: Strikes out swinging
|
|
Batting: RHB Tze-meng Li
|
0-0: Ground out 6-3 (Groundball, 6, EV 103.8 MPH)
|
| Bottom of the 1st over - 0 runs, 0 hits, 0 errors, 0 left on base; Burlington 0 - Seattle (APP) 0 |
| TOP OF THE 2ND |
|
Burlington Royals batting - Pitching for Seattle (APP) Mariners : LHP Aidan Smith
|
|
Batting: LHB Bobby Gonzalez
|
0-0: Called Strike 0-1: Swinging Strike 0-2: Ground out 4-3 (Groundball, 4M, EV 85.0 MPH)
|
|
Batting: RHB Rob Ward
|
0-0: Swinging Strike 0-1: Ball 1-1: Foul Ball, location: 2F 1-2: Ball 2-2: Strikes out swinging
|
|
Batting: SHB Marcos Cortez
|
0-0: Called Strike 0-1: Ball 1-1: SINGLE (Groundball, 5S, EV 62.5 MPH) (infield hit)
|
|
Batting: RHB Shane Bruce
|
0-0: Foul Ball, location: 2F 0-1: SINGLE (Line Drive, 89S, EV 91.9 MPH) Marcos Cortez to second
|
|
Batting: RHB Steve Ryals
|
0-0: Swinging Strike 0-1: Foul Ball, location: 2F 0-2: Ball 1-2: Strikes out swinging
|
| Top of the 2nd over - 0 runs, 2 hits, 0 errors, 2 left on base; Burlington 0 - Seattle (APP) 0 |
| BOTTOM OF THE 2ND |
|
Seattle (APP) Mariners batting - Pitching for Burlington Royals : LHP Hyoji Kawabata
|
|
Batting: RHB Chris Olheiser
|
0-0: SINGLE (Line Drive, 7S, EV 93.1 MPH)
|
|
Batting: RHB Ivan Davila
|
0-0: Ball 1-0: Called Strike 1-1: Called Strike 1-2: Ball 2-2: Ball 3-2: Foul Ball, location: 2F 3-2: Base on Balls Chris Olheiser to second
|
|
Batting: RHB Mike Conaway
|
0-0: Ball 1-0: Called Strike 1-1: Ball 2-1: DOUBLE (Line Drive, 7LM, EV 105.0 MPH) Chris Olheiser scores Ivan Davila to third
|
|
Batting: RHB Chris Van Niel
|
0-0: Ball 1-0: Called Strike 1-1: Foul Ball, location: 2F 1-2: Strikes out swinging
|
|
Batting: RHB Omar Solis
|
0-0: Ball 1-0: Swinging Strike 1-1: Called Strike 1-2: Strikes out looking
|
|
Batting: RHB John Vasquez
|
0-0: Ball 1-0: Foul Ball, location: 2F 1-1: Ball 2-1: Ground out 4-3 (Groundball, 4S, EV 81.9 MPH)
|
| Bottom of the 2nd over - 1 run, 2 hits, 0 errors, 2 left on base; Burlington 0 - Seattle (APP) 1 |
| TOP OF THE 3RD |
|
Burlington Royals batting - Pitching for Seattle (APP) Mariners : LHP Aidan Smith
|
|
Batting: RHB Tim Persson
|
0-0: Called Strike 0-1: Foul Ball, location: 2F 0-2: Strikes out swinging
|
|
Batting: LHB Ernesto Abreu
|
0-0: Ball 1-0: Fly out, F9 (Flyball, 9S, EV 90.6 MPH)
|
|
Batting: SHB Manny Berrones
|
0-0: Ball 1-0: Ball 2-0: Ball 3-0: Base on Balls
|
|
Batting: SHB Danny Ballenger
|
0-0: Ball 1-0: Ball 2-0: Called Strike 2-1: Called Strike 2-2: Ball 3-2: Base on Balls Manny Berrones to second
|
|
Batting: LHB Bobby Gonzalez
|
0-0: Called Strike 0-1: Ground out 3-1 (Groundball, 34S, EV 92.5 MPH)
|
| Top of the 3rd over - 0 runs, 0 hits, 0 errors, 2 left on base; Burlington 0 - Seattle (APP) 1 |
| BOTTOM OF THE 3RD |
|
Seattle (APP) Mariners batting - Pitching for Burlington Royals : LHP Hyoji Kawabata
|
|
Batting: RHB Houston Brock
|
0-0: Called Strike 0-1: Foul Ball, location: 2F 0-2: Ball 1-2: Foul Ball, location: 2F 1-2: Fly out, F7 (Flyball, 7LM, EV 78.1 MPH)
|
|
Batting: SHB Tony Morales
|
0-0: DOUBLE (Line Drive, 7LS, EV 94.4 MPH)
|
|
Batting: RHB Tze-meng Li
|
0-0: Ball 1-0: Ball Tony Morales is caught stealing 3rd base 2-5 2-0: Ball 3-0: Base on Balls
|
|
Batting: RHB Chris Olheiser
|
0-0: Called Strike 0-1: Ball 1-1: Called Strike 1-2: Ball 2-2: SINGLE (Groundball, 56D, EV 109.4 MPH) Tze-meng Li to second
|
|
Batting: RHB Ivan Davila
|
0-0: Ball 1-0: Called Strike 1-1: Foul Ball, location: 2F 1-2: Ball 2-2: DOUBLE (Flyball, 8LXD, EV 98.8 MPH) Tze-meng Li scores Chris Olheiser to third
|
|
Batting: RHB Mike Conaway
|
0-0: Called Strike 0-1: Swinging Strike 0-2: Strikes out looking
|
| Bottom of the 3rd over - 1 run, 3 hits, 0 errors, 2 left on base; Burlington 0 - Seattle (APP) 2 |
| TOP OF THE 4TH |
|
Burlington Royals batting - Pitching for Seattle (APP) Mariners : LHP Aidan Smith
|
|
Batting: RHB Rob Ward
|
0-0: Called Strike 0-1: Foul Ball, location: 2F 0-2: Ball 1-2: Strikes out swinging
|
|
Batting: SHB Marcos Cortez
|
0-0: Ball 1-0: Ball 2-0: Ball 3-0: Called Strike 3-1: Ground out 6-3 (Groundball, 6S, EV 80.0 MPH)
|
|
Batting: RHB Shane Bruce
|
0-0: Called Strike 0-1: Swinging Strike 0-2: Ball 1-2: Strikes out swinging
|
| Top of the 4th over - 0 runs, 0 hits, 0 errors, 0 left on base; Burlington 0 - Seattle (APP) 2 |
| BOTTOM OF THE 4TH |
|
Seattle (APP) Mariners batting - Pitching for Burlington Royals : LHP Hyoji Kawabata
|
|
Batting: RHB Chris Van Niel
|
0-0: Swinging Strike 0-1: Swinging Strike 0-2: Ball 1-2: Ball 2-2: Fly out, F8 (Flyball, 8RM, EV 83.1 MPH)
|
|
Batting: RHB Omar Solis
|
0-0: DOUBLE (Flyball, 8RXD, EV 90.6 MPH)
|
|
Batting: RHB John Vasquez
|
0-0: Ball 1-0: Called Strike 1-1: Ball 2-1: Ball 3-1: Swinging Strike 3-2: Ground out 2-3 (Groundball, 2R, EV 68.1 MPH) Omar Solis to third
|
|
Batting: RHB Houston Brock
|
0-0: Called Strike 0-1: Ball 1-1: Ball 2-1: Ball 3-1: Base on Balls
|
|
Batting: SHB Tony Morales
|
0-0: Ball 1-0: Called Strike 1-1: Ground out U3 (Groundball, 3, EV 108.8 MPH)
|
| Bottom of the 4th over - 0 runs, 1 hit, 0 errors, 2 left on base; Burlington 0 - Seattle (APP) 2 |
| TOP OF THE 5TH |
|
Burlington Royals batting - Pitching for Seattle (APP) Mariners : LHP Aidan Smith
|
|
Batting: RHB Steve Ryals
|
0-0: Called Strike 0-1: Ball 1-1: Called Strike 1-2: Strikes out looking
|
|
Batting: RHB Tim Persson
|
0-0: Ball 1-0: Ball 2-0: Ball 3-0: Base on Balls
|
|
Pitching: RHP Jose Rios
|
|
|
Batting: LHB Ernesto Abreu
|
0-0: Called Strike 0-1: Called Strike 0-2: Ball 1-2: Strikes out swinging
|
|
Batting: SHB Manny Berrones
|
0-0: Ball 1-0: Ball 2-0: Fly out, F7 (Flyball, 7D, EV 105.0 MPH)
|
| Top of the 5th over - 0 runs, 0 hits, 0 errors, 1 left on base; Burlington 0 - Seattle (APP) 2 |
| BOTTOM OF THE 5TH |
|
Seattle (APP) Mariners batting - Pitching for Burlington Royals : LHP Hyoji Kawabata
|
|
Batting: RHB Tze-meng Li
|
0-0: Called Strike 0-1: Ball 1-1: Ball 2-1: Swinging Strike 2-2: Ball 3-2: Base on Balls
|
|
Batting: RHB Chris Olheiser
|
0-0: Ball 1-0: Foul Ball, location: 2F 1-1: Grounds into double play, 4-6-3 (Groundball, 4, EV 86.9 MPH)
|
|
Batting: RHB Ivan Davila
|
0-0: Ball 1-0: Ball 2-0: Called Strike 2-1: Called Strike 2-2: Ball 3-2: Base on Balls
|
|
Batting: RHB Mike Conaway
|
0-0: Ground out 4-3 (Groundball, 4S, EV 82.5 MPH)
|
| Bottom of the 5th over - 0 runs, 0 hits, 0 errors, 1 left on base; Burlington 0 - Seattle (APP) 2 |
| TOP OF THE 6TH |
|
Burlington Royals batting - Pitching for Seattle (APP) Mariners : RHP Jose Rios
|
|
Batting: SHB Danny Ballenger
|
0-0: Ball 1-0: Foul Ball, location: 2F 1-1: Ball 2-1: Ball 3-1: Called Strike 3-2: Strikes out swinging
|
|
Batting: LHB Bobby Gonzalez
|
0-0: Ball 1-0: Ground out U3 (Groundball, 3, EV 96.2 MPH)
|
|
Batting: RHB Rob Ward
|
0-0: Ball 1-0: Ball 2-0: Called Strike 2-1: Called Strike 2-2: Ball 3-2: Strikes out swinging
|
| Top of the 6th over - 0 runs, 0 hits, 0 errors, 0 left on base; Burlington 0 - Seattle (APP) 2 |
| BOTTOM OF THE 6TH |
|
Seattle (APP) Mariners batting - Pitching for Burlington Royals : LHP Hyoji Kawabata
|
|
Batting: RHB Chris Van Niel
|
0-0: Ball 1-0: Ground out 4-3 (Groundball, 4, EV 99.4 MPH)
|
|
Pitching: RHP Philip Terrell
|
|
|
Batting: RHB Omar Solis
|
0-0: Ball 1-0: Called Strike 1-1: Ball 2-1: Called Strike 2-2: Strikes out swinging
|
|
Batting: RHB John Vasquez
|
0-0: Ball 1-0: Swinging Strike 1-1: Foul Ball, location: 2F 1-2: Foul Ball, location: 2F 1-2: Strikes out looking
|
| Bottom of the 6th over - 0 runs, 0 hits, 0 errors, 0 left on base; Burlington 0 - Seattle (APP) 2 |
| TOP OF THE 7TH |
|
Burlington Royals batting - Pitching for Seattle (APP) Mariners : RHP Jose Rios
|
|
Pitching: RHP Willie Sanchez
|
|
|
Batting: SHB Marcos Cortez
|
0-0: SINGLE (Line Drive, 89S, EV 97.5 MPH)
|
|
Batting: RHB Shane Bruce
|
0-0: Called Strike 0-1: Called Strike 0-2: Ball 1-2: Foul Ball, location: 2F 1-2: Strikes out swinging
|
|
Batting: RHB Steve Ryals
|
0-0: Bunt missed! 0-1: Bunted foul 0-2: Sac Bunt to 15 - play at first, batter OUT! 1-3 Marcos Cortez to second
|
|
Batting: RHB Tim Persson
|
0-0: Called Strike 0-1: Ball 1-1: Swinging Strike 1-2: Ball 2-2: Foul Ball, location: 2F 2-2: Ball 3-2: Strikes out swinging
|
| Top of the 7th over - 0 runs, 1 hit, 0 errors, 1 left on base; Burlington 0 - Seattle (APP) 2 |
| BOTTOM OF THE 7TH |
|
Seattle (APP) Mariners batting - Pitching for Burlington Royals : RHP Philip Terrell
|
|
Batting: RHB Houston Brock
|
0-0: Ball 1-0: Foul Ball, location: 2F 1-1: Ground out 6-3 (Groundball, 6, EV 106.2 MPH)
|
|
Batting: SHB Tony Morales
|
0-0: Called Strike 0-1: SINGLE (Groundball, 6D, EV 101.9 MPH)
|
|
Batting: RHB Tze-meng Li
|
0-0: Ball Tony Morales steals 2nd base 1-0: SINGLE (Groundball, 3D, EV 95.6 MPH) Tony Morales to third Runner from 3rd tries for Home, SAFE, throw by RF to home
|
|
Batting: RHB Chris Olheiser
|
0-0: Ball Tze-meng Li steals 2nd base 1-0: Fly out, F4 (Line Drive, 4, EV 68.8 MPH)
|
|
Batting: RHB Ivan Davila
|
0-0: Ball 1-0: Reached on error, E6 (Groundball, 6, EV 102.5 MPH) Tze-meng Li to third
|
|
Batting: RHB Mike Conaway
|
0-0: Ball 1-0: Swinging Strike 1-1: Foul Ball, location: 2F 1-2: Ball 2-2: Ball 3-2: Base on Balls Ivan Davila to second
|
|
Batting: RHB Chris Van Niel
|
0-0: Swinging Strike 0-1: Foul Ball, location: 2F 0-2: Foul Ball, location: 2F 0-2: SINGLE (Groundball, 56S, EV 73.8 MPH) (infield hit) Tze-meng Li scores Ivan Davila to third Mike Conaway to second
|
|
Pitching: RHP Travis Stump
|
|
|
Batting: RHB Omar Solis
|
0-0: Foul Ball, location: 2F 0-1: Foul Ball, location: 2F 0-2: Ball 1-2: Strikes out swinging
|
| Bottom of the 7th over - 2 runs, 3 hits, 1 error, 3 left on base; Burlington 0 - Seattle (APP) 4 |
| TOP OF THE 8TH |
|
Burlington Royals batting - Pitching for Seattle (APP) Mariners : RHP Willie Sanchez
|
|
Batting: LHB Ernesto Abreu
|
0-0: Swinging Strike 0-1: Called Strike 0-2: Strikes out looking
|
|
Batting: SHB Manny Berrones
|
0-0: Ball 1-0: Called Strike 1-1: Called Strike 1-2: Strikes out swinging
|
|
Batting: SHB Danny Ballenger
|
0-0: Called Strike 0-1: Ball 1-1: Called Strike 1-2: Foul Ball, location: 2F 1-2: Strikes out swinging
|
| Top of the 8th over - 0 runs, 0 hits, 0 errors, 0 left on base; Burlington 0 - Seattle (APP) 4 |
| BOTTOM OF THE 8TH |
|
Seattle (APP) Mariners batting - Pitching for Burlington Royals : RHP Travis Stump
|
|
Batting: RHB John Vasquez
|
0-0: Ball 1-0: Foul Ball, location: 2F 1-1: Called Strike 1-2: Strikes out swinging
|
|
Batting: RHB Houston Brock
|
0-0: Ground out 5-3 (Groundball, 5, EV 78.8 MPH)
|
|
Batting: SHB Tony Morales
|
0-0: Fly out, F7 (Flyball, 78D, EV 87.5 MPH)
|
| Bottom of the 8th over - 0 runs, 0 hits, 0 errors, 0 left on base; Burlington 0 - Seattle (APP) 4 |
| TOP OF THE 9TH |
|
Burlington Royals batting - Pitching for Seattle (APP) Mariners : RHP Willie Sanchez
|
|
Pitching: RHP Rob Henry
|
|
|
Batting: LHB Bobby Gonzalez
|
0-0: Ball 1-0: Ball 2-0: Called Strike 2-1: Ball 3-1: Foul Ball, location: 2F 3-2: Fly out, F5 (Popup, 56S, EV 84.4 MPH)
|
|
Batting: RHB Rob Ward
|
0-0: Foul Ball, location: 2F 0-1: Ball 1-1: Ball 2-1: Called Strike 2-2: Foul Ball, location: 2F 2-2: Foul Ball, location: 2F 2-2: Ball 3-2: Foul Ball, location: 2F 3-2: Foul Ball, location: 2F 3-2: Strikes out swinging
|
|
Batting: SHB Marcos Cortez
|
0-0: Foul Ball, location: 2F 0-1: Foul Ball, location: 2F 0-2: Ball 1-2: Strikes out looking
|
| Top of the 9th over - 0 runs, 0 hits, 0 errors, 0 left on base; Burlington 0 - Seattle (APP) 4 |
|